 Dungeon Crawl Stone Soup version 0.25-a0-44-g29a1220a87 (webtiles) character file.

Game seed: 5207844955609114760, levelgen mode: deterministic

39 Alarkh the Slasher (level 3, 5/29 HPs)
             Began as a Demonspawn Fighter on Oct 23, 2019.
             Got out of the dungeon alive.
             The game lasted 00:00:24 (173 turns).

Alarkh the Slasher (Demonspawn Fighter)              Turns: 173, Time: 00:00:25

Health: 5/29       AC:  8    Str: 16    XL:     3   Next: 26%
Magic:  3/3        EV:  6    Int: 10    God:
Gold:   23         SH:  8    Dex: 12    Spells: 2/2 levels left

rFire    . . .     SeeInvis .   a - +0 long sword
rCold    . . .     Gourm    .   c - +0 shield
rNeg     . . .     Faith    .   b - +0 scale mail
rPois    .         Spirit   .   (no helmet)
rElec    .         Reflect  .   (no cloak)
rCorr    .         Harm     .   (no gloves)
MR       .....                  (no boots)
Stlth    ..........             (no amulet)
HPRegen  0.09/turn              (no ring)
MPRegen  0.08/turn              (no ring)

@: no status effects
A: thin metallic scales 1
a: no special abilities


You escaped.
You were not hungry.

You visited 1 branch of the dungeon, and saw 1 of its levels.

You collected 23 gold pieces.

Inventory:

Hand Weapons
 a - a +0 long sword (weapon)
Armour
 b - a +0 scale mail (worn)
 c - a +0 shield (worn)
Comestibles
 f - a ration
 g - 6 chunks of flesh


   Skills:
 - Level 3.0 Fighting
 + Level 3.4 Long Blades
 - Level 2.6 Armour
 - Level 2.6 Shields


You had 2 spell levels left.
You didn't know any spells.
Your spell library was empty.

Dungeon Overview and Level Annotations

Branches:
Dungeon (1/15)

Altars:


Innate Abilities, Weirdness & Mutations

You are partially covered in thin metallic scales. (AC +2)


Message History

The ooze hits you.
* * * LOW HITPOINT WARNING * * *
You block the ooze's attack.
You slash the ooze!
You kill the ooze!
You closely miss the rat. The rat bites you but does no damage.
You block the rat's attack.
You barely miss the rat. You hit the rat.
You kill the rat!
The rat closely misses you. The rat bites you but does no damage.
You closely miss the rat. The rat bites you but does no damage.
You slash the rat!
You kill the rat!
You feel a little less mighty now.
You see here a rat corpse.
There is a stone staircase leading down here.
There is a staircase leading out of the dungeon here.
Are you sure you want to leave the Dungeon?
This will make you lose the game!
You have escaped!

###############
#.............#
#............. # #
#........... #. .
#######†####### #.#.#.##
#......†......#.#.#.#...
+⌠....###....⌠+.#.#.#...
#......@......#.#.#.#...
#..⌠..[>...⌠..#.#.#.###.
###+#######'###.#.....#.
....................
.............#......
).......##÷...#.#...
#....##.##....#.#.#.
#.#.. ...#......#... #
## ##..#....###.#.


There were no monsters in sight!

Vanquished Creatures
  3 oozes (D:1)
  A leopard gecko (D:1)
  2 bats (D:1)
  4 giant cockroaches (D:1)
  A hobgoblin (D:1)
  8 jackals (D:1)
  3 rats (D:1)
22 creatures vanquished.

Notes
Turn   | Place    | Note
-------+----------+-------------------------------------------
     0 | D:1      | Alarkh the Demonspawn Fighter began the quest for the Orb.
     0 | D:1      | Reached XP level 1. HP: 18/18 MP: 1/1
     1 | D:1      | Found a runed translucent door.
    86 | D:1      | Gained mutation: You are partially covered in thin metallic
                  | scales. (AC +2) [demonic ancestry]
    86 | D:1      | Reached XP level 2. HP: 19/24 MP: 2/2
   152 | D:1      | Reached XP level 3. HP: 17/29 MP: 3/3
   173 | D:$      | Got out of the dungeon alive.

Levels and vault maps discovered:
D:1:      dpeg_arrival_caged_fury, layout_basic, hangedman_decor_clover_reticule

Skill      XL: |  1  2 |
---------------+-------+-----
Long Blades    | 2 3 |  3.4
Fighting       | |  3.0
Armour         | |  2.6
Shields        | |  2.6

Action                   || total
-------------------------++-------
Melee: Long sword        ||    50
  Use: Potion            ||     1
Armor: Scale mail        ||    31
Dodge: Dodged            ||    23
Block: Shield            ||    36
       Rpst.: Long sword ||     6

Table legend:
 A = Non-vault XP
 B = Vault XP
 C = Vault XP percentage of total XP
 D = Non-vault monster count
 E = Vault monster count
 F = Vault count percentage of total count
                 A         B        C        D         E       F
            +---------+---------+-------+---------+---------+-------
      Total |      19 |      37 |  66.1 |      10 |      12 |  54.5
            +---------+---------+-------+---------+---------+-------
        D:1 |      19 |      37 |  66.1 |      10 |      12 |  54.5
            +---------+---------+-------+---------+---------+-------
